 Dungeon Crawl Stone Soup version 0.32-a0-933-ga8fa363 (webtiles) character file.

Game seed: 13380839374889193850

540 domd2 the Magician (level 7, -1/32 HPs)
             Began as a Spriggan Conjurer on Apr 14, 2024.
             Was an Initiate of Sif Muna.
             Killed from afar by Duvessa (11 damage)
             ... with a rupture
             ... on level 4 of the Dungeon.
             The game lasted 00:09:52 (4747 turns).

domd2 the Magician (Spriggan Conjurer)              Turns: 4747, Time: 00:09:53

Health: -1/32      AC:  2    Str:  3    XL:     7   Next: 5%
Magic:  9/18       EV: 16    Int: 21    God:    Sif Muna [......]
Gold:   60         SH:  0    Dex: 14    Spells: 16/19 levels left

rFire   . . .        f - +0 sling
rCold   . . .        (no shield)
rNeg    . . .        a - +0 robe
rPois   .            (helmet restricted)
rElec   .            (no cloak)
rCorr   .            (gloves unavailable)
SInv    +            (boots unavailable)
Will    +....        (no amulet)
Stlth   ++           (no ring)
HPRegen 0.25/turn    (no ring)
MPRegen 0.16/turn

%: no passive effects
@: very quick
A: very small, no large weapons, unfitting armour, see invisible, speed 3
a: Renounce Religion


You were on level 4 of the Dungeon.
You worshipped Sif Muna.
Sif Muna was noncommittal.
You visited 2 branches of the dungeon, and saw 5 of its levels.

You collected 60 gold pieces.

Inventory:

Hand Weapons
 f - a +0 sling (weapon)
 s - a +0 falchion of holy wrath
Missiles
 i - 4 poisoned darts
Armour
 a - a +0 robe (worn)
Jewellery
 k - a +6 ring of strength
Wands
 r - a wand of charming (13)
Scrolls
 c - a scroll of blinking {unknown}
 d - a scroll of noise {unknown}
 e - 2 scrolls of revelation
 g - 3 scrolls of amnesia {unknown}
 j - 2 scrolls of silence
 l - a scroll of teleportation {unknown}
 n - a scroll of enchant weapon {unknown}
 o - a scroll of identify {unknown}
 p - a scroll of enchant armour {unknown}
Potions
 b - a potion of magic
 h - a potion of brilliance {unknown}
 m - a potion of heal wounds {unknown}
 q - a potion of enlightenment {unknown}


   Skills:
 - Level 2.6 Dodging
 - Level 3.0 Stealth
 + Level 6.9 Spellcasting
 + Level 5.0 Conjurations


You had 16 spell levels left.
You knew the following spells:

 Your Spells              Type           Power      Damage    Failure   Level
a - Magic Dart            Conj           100%       1d8       1%          1
b - Searing Ray           Conj           56%        2d6       1%          2

Your spell library contained the following spells:

 Spells                   Type           Power      Damage    Failure   Level
 Fulminant Prism          Conj/Alch      8%         3d7       32%         4
 Iskenderun's Mystic Bla Conj/Tloc 17%            2d5        (+2d2     32%         4


Dungeon Overview and Level Annotations

Branches:
Dungeon (4/15) Zot: 20259  Temple (1/1) D:4 Zot: 5968

Altars:
Dithmenos
Elyvilon
Fedhas
Gozag
Kikubaaqudgha
Okawaru
Qazlal
Sif Muna
Trog
Uskayaw
Vehumet
Xom
Yredelemnul

Annotations:
D:4 Dowan, Duvessa


Innate Abilities, Weirdness & Mutations

You are very small and have problems with some larger weapons.
You are too small for most types of armour.
You have supernaturally acute eyesight. (SInv)
You cover ground extremely quickly. (Speed+++)


Message History

Casting: Searing Ray (safe; 1% risk of failure)
Confirm with . or Enter, or press ? or * to list all spells.
Aiming: Searing Ray (safe; 1% risk of failure)
Press: ? - help, Shift-Dir - straight line, f - dart slug, p - Duvessa
Aim: a dart slug (100% to hit)
The searing ray hits the dart slug.
The dart slug is moderately wounded. (Press . to maintain the ray.) Duvessa says, "Where magic fails, the sword succeeds!"
The searing ray hits the dart slug.
The dart slug is severely wounded.
The dart slug briefly extends its eye-stalks.
The searing ray hits the dart slug!
You kill the dart slug!
Sif Muna accepts your kill.
Duvessa says, "My weaknesses are his strengths!"
Duvessa says, "Where magic fails, the sword succeeds!"
Duvessa zaps a wand.
Space twists violently!
The rupture engulfs you.
You blink.
Dowan points at Duvessa and mumbles some strange words.
Duvessa seems to speed up.
Casting: Searing Ray (safe; 1% risk of failure)
Confirm with . or Enter, or press ? or * to list all spells.
Okay, then.
Casting: Searing Ray (safe; 1% risk of failure)
Confirm with . or Enter, or press ? or * to list all spells.
Aiming: Searing Ray (safe; 1% risk of failure)
Press: ? - help, Shift-Dir - straight line, f - Dowan
Aim: Dowan, wielding a +0 dagger of flaming and wearing a +0 robe (heavily wounded, 71% to hit)
The searing ray hits Dowan.
Dowan is severely wounded. (Press . to maintain the ray.) Duvessa zaps a wand.
Space twists violently!
The rupture engulfs you!
You blink.
* * * LOW HITPOINT WARNING * * *
Dowan gestures at you while chanting. The puff of flame misses you.
You see here an iguana skeleton.
Duvessa zaps a wand.
Space twists violently!
The rupture engulfs you!
You die...

.♣.........♣#.#.###..# #e#.#
.♣.≈≈≈≈≈≈≈.♣..#.# #..# #.#.#
.♣≈..≈≈≈..≈♣###.###..# #.#.#
.♣≈.≈...≈.≈♣..#.....####e#.#
.♣≈.≈._.≈.≈♣#....##..e...#.#
.♣≈.≈...≈.≈♣#...###..#####.#
#♣≈..≈≈≈..≈♣....###..# #.#
♣.≈≈≈≈≈≈≈.♣..#......# #.#
#♣.........♣#.#<@....#####.#
#.♣♣♣♣♣♣♣♣♣.#.####.#.÷.....#
#.###..# #..#.# #.........#
#......# #.##.# #########.#
..####.# #.##.# #.# .## #.#
#.##.# #.# ## #.# #.##.# #.#
# #.# #.##.# #.# # #w#
#.##.# #.#


You could see Duvessa (fast).

Vanquished Creatures
  Eustachio (D:4)
  A jelly (D:4)
  3 bombardier beetles (D:4)
  An orc priest (D:4)
  2 iguanas (D:4)
  3 orc wizards (D:3)
  3 adders
  7 dart slugs
  3 ribbon worms
  8 orcs
  8 ball pythons
  6 bats
  7 endoplasms
  A giant cockroach (D:1)
  3 goblins
  9 hobgoblins
  A quokka (D:3)
  3 frilled lizards
  6 kobolds
  3 rats
79 creatures vanquished.

Notes
Turn   | Place    | Note
-------+----------+-------------------------------------------
     0 | D:1      | domd2 the Spriggan Conjurer began the quest for the Orb.
     0 | D:1      | Reached XP level 1. HP: 9/9 MP: 5/5
    84 | D:1      | Reached skill level 3 in Spellcasting
   302 | D:1      | Found a faded altar of an unknown god.
   341 | D:1      | Reached XP level 2. HP: 13/13 MP: 1/7
   344 | D:1      | Learned a level 2 spell: Searing Ray
   834 | D:2      | Reached XP level 3. HP: 16/16 MP: 5/9
  1459 | D:2      | Reached skill level 4 in Spellcasting
  1890 | D:3      | Reached XP level 4. HP: 21/21 MP: 7/11
  2437 | D:3      | Reached skill level 5 in Spellcasting
  2437 | D:3      | Reached XP level 5. HP: 16/24 MP: 6/13
  3278 | D:4      | Found an iron altar of Okawaru.
  3591 | D:4      | Noticed Dowan
  3592 | D:4      | Noticed Duvessa
  3797 | D:4      | Found a staircase to the Ecumenical Temple.
  3812 | Temple   | Entered the Ecumenical Temple
  3840 | Temple   | Became a worshipper of Sif Muna the Loreminder
  3903 | D:4      | Reached XP level 6. HP: 28/28 MP: 7/15
  3976 | D:4      | Reached skill level 6 in Spellcasting
  4113 | D:4      | Found a bloodstained altar of Trog.
  4118 | D:4      | Noticed Eustachio
  4222 | D:4      | Killed Eustachio
  4486 | D:4      | Reached skill level 5 in Conjurations
  4486 | D:4      | Reached XP level 7. HP: 32/32 MP: 13/18
  4747 | D:4      | Killed from afar by Duvessa

Illustrated notes

Levels and vault maps discovered:
D:1:      heliophobic_arrival_ceremonial_halls, layout_rooms,
          shapermc_ecumenical_altar_petra
D:2:      layout_loops_cross
D:3:      layout_loops_corners, dreamdust_princess_corridor
D:4:      layout_basic, mainiacjoe_overflow_paths,
          mainiacjoe_overflow_tiny_flanked, minmay_temple_entry_statues_pillars,
          uniq_eustachio, uniq_duvessa
Temple:   bh_familiar_temple

Skill      XL: |  1  2  3  4  5  6 |
---------------+-------------------+-----
Conjurations   | 3 4 5 |  5.0
Spellcasting   | 3 4 5 6 |  6.9
Dodging        | |  2.6
Stealth        | |  3.0

Action                     |  1- 3 |  4- 6 |  7- 9 || total
---------------------------+-------+-------+-------++-------
   Fire: Sling             |    31 |    15 |       ||    46
   Cast: Magic Dart        |    20 |       |       ||    20
         Searing Ray       |    22 |    46 |     6 ||    74
    Use: Scroll            |     1 |     1 |       ||     2
 Armour: Robe              |     9 |     9 |     6 ||    24
  Dodge: Dodged            |    21 |     8 |     5 ||    34

Table legend: (Time is in decaauts)
 A = Elapsed time spent in this place.
 B = Non-inter-level travel time spent in this place.
 C = Inter-level travel time spent in this place.
 D = Time resting spent in this place.
 E = Time spent auto-exploring this place.
 F = Levels seen in this place.
 G = Mean time per level.
                   A        B        C        D        E       F      G
               +--------+--------+--------+--------+--------+-----+--------+
         Total |   3772 |   3675 |     97 |    514 |   2651 |   5 |  754.4 |
       Dungeon |   3740 |   3670 |     70 |    514 |   2651 |   4 |  935.0 |
        Temple |     32 |      5 |     27 |      0 |      0 |   1 |   32.0 |
               +--------+--------+--------+--------+--------+-----+--------+

Top non-repeatable levels by time:
     D:3: 1184 daAuts
     D:4: 1174 daAuts
     D:2: 738 daAuts
     D:1: 643 daAuts
  Temple: 32 daAuts
